 Dungeon Crawl Stone Soup version 0.22.0-49-gab54619 (webtiles) character file.

137 Folque the Chopper (level 5, -6/46 HPs)
             Began as a Hill Orc Monk on Sept 8, 2018.
             Mangled by an ogre
             ... wielding a +0 giant spiked club
              (25 damage)
             ... on level 4 of the Dungeon.
             The game lasted 00:11:37 (3217 turns).

Folque the Chopper (Hill Orc Monk)                  Turns: 3217, Time: 00:11:38

Health: -6/46      AC:  9    Str: 15    XL:     5   Next: 20%
Magic:  5/5        EV:  4    Int: 10    God:
Gold:   206        SH:  8    Dex: 13    Spells: 4/4 levels left

rFire    . . .     SeeInvis .   s - +3 hand axe
rCold    . . .     Gourm    .   u - +0 shield
rNeg     + . .     Faith    .   g - +0 chain mail
rPois    .         Spirit   .   (no helmet)
rElec    .         Reflect  .   (no cloak)
rCorr    .         Harm     .   (no gloves)
MR       .....                  (no boots)
Stlth    ..........             (no amulet)
HPRegen  0.15/turn              f - ring of positive energy
MPRegen  0.09/turn              (no ring)

@: no status effects
A: no striking features
a: no special abilities


You were on level 4 of the Dungeon.
You were hungry.

You visited 1 branch of the dungeon, and saw 4 of its levels.

You collected 206 gold pieces.

Inventory:

Hand Weapons
 a - a +0 hand axe
 q - a +1 hunting sling of flaming
 s - a +3 hand axe (weapon)
Missiles
 o - 3 javelins (quivered)
 r - 24 sling bullets
Armour
 b - a +0 robe
 g - a +0 chain mail (worn)
 u - a +0 shield (worn)
Jewellery
 f - a ring of positive energy (left hand)
 p - an uncursed ring of fire {unknown}
Scrolls
 d - 3 scrolls of enchant armour {unknown}
 e - a scroll of immolation {unknown}
 l - 2 scrolls of teleportation
 t - a scroll of magic mapping {unknown}
 w - a scroll of enchant weapon {unknown}
 x - a scroll of identify
Potions
 h - a potion of mutation {unknown}
 j - a potion of ambrosia {unknown}
 k - a potion of curing {unknown}
 m - a potion of lignification {unknown}
 n - 3 potions of brilliance {unknown}
 v - a potion of heal wounds {unknown}
Comestibles
 c - 5 rations


   Skills:
 - Level 4.2 Fighting
 - Level 5.0 Axes
 + Level 0.8 Slings
 - Level 3.0 Armour
 - Level 2.4 Dodging
 - Level 1.5 Stealth
 * Level 1.8 Shields


You had 4 spell levels left.
You didn't know any spells.
Your spell library was empty.

Dungeon Overview and Level Annotations

Branches:
Dungeon (4/15)
 Temple: D:4-7

Altars:
Nemelex Xobeh
Trog


Message History

The ogre hits you with a giant spiked club.
The hound bites you but does no damage.
You slash the ogre!
The ogre is severely wounded.
You hit the hound. The hound bites you but does no damage.
The ogre hits you with a giant spiked club!!
Your shield and chain mail prevent you from hitting the ogre.
The ogre is severely wounded.
You completely miss the hound. You block the hound's attack.
The hound bites you but does no damage.
You hit the ogre.
The ogre is almost dead.
You hit the hound. You block the hound's attack. You block the ogre's attack.
You block the hound's attack.
You hit the ogre.
The ogre is almost dead.
You miss the hound. The hound bites you.
The ogre hits you with a giant spiked club!!
Ouch! That really hurt!
You die...

######## .
##......## ..
##........##.(.
#........((.(♣
#......h...##
#.....@O....#
#......<....#
#...........#
##.>......?...#
............###
.#.>.........#
#...........#
#.......(...#
#...........#


You could see an ogre and a hound.

Vanquished Creatures
  Terence (D:2)
  4 adders
  3 oozes
  A dart slug (D:2)
  2 orcs
  2 ball pythons
  3 giant cockroaches
  5 goblins
  9 hobgoblins
  6 jackals (D:3)
  5 kobolds
  A quokka (D:3)
  5 bats
  6 frilled lizards
  3 rats
  19 plants (D:1)
75 creatures vanquished.

Notes
Turn   | Place    | Note
-------+----------+-------------------------------------------
     0 | D:1      | Folque the Hill Orc Monk began the quest for the Orb.
     0 | D:1      | Reached XP level 1. HP: 19/19 MP: 1/1
   959 | D:1      | Reached XP level 2. HP: 27/27 MP: 2/2
  1430 | D:2      | Reached skill level 1 in Armour
  1637 | D:2      | Noticed Terence
  1669 | D:2      | Killed Terence
  1669 | D:2      | Reached XP level 3. HP: 18/33 MP: 3/3
  1770 | D:2      | Reached XP level 4. HP: 33/40 MP: 4/4
  1869 | D:2      | Found a sparkling altar of Nemelex Xobeh.
  1874 | D:2      | Reached skill level 5 in Axes
  2416 | D:3      | Found a bloodstained altar of Trog.
  2595 | D:3      | Reached skill level 1 in Shields
  2702 | D:3      | Reached XP level 5. HP: 43/46 MP: 5/5
  3208 | D:4      | Noticed an ogre
  3217 | D:4      | Mangled by an ogre

Skill      XL: |  1  2  3  4 |
---------------+-------------+-----
Fighting       | 4 |  4.2
Armour         | 2 3 |  3.0
Axes           | 5 |  5.0
Shields        | 1 |  1.8
Slings         | |  0.8
Dodging        | |  2.4
Stealth        | |  1.5

Action                   |  1- 3 |  4- 6 || total
-------------------------+-------+-------++-------
Melee: Hand axe          |   510 |    99 ||   609
 Fire: Hunting sling     |     3 |       ||     3
Throw: Javelin           |       |     7 ||     7
  Use: Scroll            |     2 |     1 ||     3
 Stab: Sleeping          |     1 |       ||     1
  Eat: Chunk             |     4 |     4 ||     8
Armor: Chain mail        |    57 |    69 ||   126
Dodge: Dodged            |    27 |    21 ||    48
Block: Shield            |       |    38 ||    38
